 Dungeon Crawl Stone Soup version 0.21.1-1-g345015f (webtiles) character file.

5701 prawnwizard the Basher (level 10, -2/147 HPs)
             Began as a Troll Berserker on June 25, 2018.
             Was an Elder of Trog.
             Slain by Grum
             ... wielding a +0 halberd of flaming
              (6 damage)
             ... on level 8 of the Dungeon.
             The game lasted 00:55:34 (8477 turns).

prawnwizard the Basher (Troll Berserker)            Turns: 8477, Time: 00:55:34

Health: -2/147     AC:  7    Str: 35    XL:     10   Next: 48%
Magic:  9/9        EV: 14    Int:  3    God:    Trog [****..]
Gold:   445        SH:  0    Dex:  9    Spells: 9/9 levels left

rFire    . . .     SeeInvis .   t - +2 flail (drain)
rCold    . . .     Gourm    +   (no shield)
rNeg     . . .     Faith    .   b - +1 animal skin
rPois    .         Spirit   .   (helmet restricted)
rElec    .         Reflect  .   h - +0 cloak
rCorr    .         Harm     .   (gloves unavailable)
MR       .....                  (boots unavailable)
Stlth    ..........             (no amulet)
HPRegen  0.74/turn              q - +2 ring of evasion
MPRegen  0.11/turn              (no ring)

@: berserking, very quick
A: large, unfitting armour, claws 3, fast metabolism 3, gourmand, regeneration
1, shaggy fur 1, tough skin 2
a: Berserk, Trog's Hand, Brothers in Arms, Burn Spellbooks, Renounce Religion


You were on level 8 of the Dungeon.
You worshipped Trog.
Trog was greatly pleased with you.
You were not hungry.

You visited 1 branch of the dungeon, and saw 8 of its levels.
You also visited: Ossuary.

You collected 445 gold pieces.

Inventory:

Hand Weapons
 l - a +1 giant spiked club
 t - a +2 flail of draining (weapon)
Missiles
 e - 128 stones (quivered)
Armour
 b - a +1 animal skin (worn)
 h - a +0 cloak (worn)
Jewellery
 q - a +2 ring of evasion (left claw)
Wands
 i - a wand of disintegration (19)
 r - a wand of scattershot (5)
Scrolls
 m - 3 scrolls of remove curse
 w - a scroll of holy word {unknown}
 y - 2 scrolls of enchant armour
 E - 2 scrolls of teleportation
Potions
 a - 2 potions of lignification
 d - a potion of might {unknown}
 f - a potion of berserk rage {unknown}
 g - 4 potions of heal wounds
 j - 3 potions of cancellation
 k - 5 potions of flight
 n - 4 potions of brilliance {unknown}
 o - a potion of magic {unknown}
 p - a potion of agility {unknown}
 s - 3 potions of curing
 v - a potion of resistance {unknown}
 z - a potion of mutation {unknown}
 A - 2 potions of invisibility
 B - a potion of haste {unknown}
 G - a potion of ambrosia {unknown}
Comestibles
 c - 28 rations


   Skills:
 + Level 6.0 Fighting
 * Level 12.0 Maces & Flails
 + Level 5.5 Dodging


You had 9 spell levels left.
You didn't know any spells.

Dungeon Overview and Level Annotations

Branches:
Dungeon (8/15)             Temple (0/1) D:5
   Lair: D:8-11

Altars:
Ashenzari
Elyvilon
Gozag
Hepliaklqana
Makhleb
Ru
Trog
Uskayaw
Xom
Zin

Annotations:
D:8 Grum


Innate Abilities, Weirdness & Mutations

You are too large for most types of armour.
You have claws for hands.
Your metabolism is lightning-fast.
You like to eat raw meat.
Your natural rate of healing is unusually fast.
You are covered in fur. (AC +1)
You have very tough skin. (AC +2)


Message History

The bullfrog misses you. The wolf barely misses you.
You closely miss the wolf.
The wolf is severely wounded.
The wolf misses you. The wolf bites you but does no damage.
Grum closely misses you. The bullfrog hits you.
* * * LOW HITPOINT WARNING * * *
The wolf barely misses you.
You completely miss the wolf.
The wolf is severely wounded.
The wolf bites you but does no damage. The wolf closely misses you.
The bullfrog misses you. The wolf closely misses you.
You closely miss the wolf.
The wolf is severely wounded.
The wolf bites you.
* * * LOW HITPOINT WARNING * * *
The wolf closely misses you.
Grum hits you from afar with a halberd of flaming!
* * * LOW HITPOINT WARNING * * *
Grum burns you.
You die...

#.......#.. #.......#..
#....>..'.. #
###############....###
..#...#..#...##########.
..$.............>.......
........................
......hhh...............
.....gF@.............##.
.#########...####....##.
##### #######. ......
..>... ....... .......
#######


You could see Grum, 3 wolves and a bullfrog.

Vanquished Creatures
  A two-headed ogre (D:8)
  The ghost of Cidec the Cleaver, a novice DsGl of Qazlal (D:8)
  Pikel (D:7)
  A troll (D:8)
  Prince Ribbit (D:5)
  A hippogriff (D:8)
  A wyvern (D:8)
  2 hungry ghosts
  Menkaure (D:7)
  A water moccasin (D:7)
  An ice beast (D:6)
  A slave (D:7)
  The ghost of dedward the Cudgeler, an amateur MiBe of Trog (D:4)
  An orc warrior (D:8)
  A phantom (D:4)
  7 ogres
  A wolf (D:8)
  A centaur (D:5)
  2 bullfrogs (D:6)
  A wyvern zombie (D:6)
  3 crimson imps
  A quasit (D:8)
  A centaur zombie (D:8)
  A hound (D:4)
  A jelly (D:5)
  3 orc priests
  Crazy Yiuf (D:3)
  2 orc wizards
  Natasha (thrice) (D:4)
  An iguana (D:6)
  4 worker ants
  2 killer bee zombies (D:5)
  A big kobold zombie (Ossuary)
  A hound skeleton (D:5)
  2 mummies (Ossuary)
  4 adders
  A gnoll (D:1)
  2 shadow imps
  An ooze (D:3)
  5 adder zombies (Ossuary)
  An adder skeleton (D:5)
  7 worms
  2 dart slugs
  6 leopard geckos
  19 orcs
  2 bats (D:1)
  10 giant cockroaches
  3 gnoll zombies (Ossuary)
  6 goblins
  6 hobgoblins
  2 jackals (D:2)
  A quokka (D:3)
  5 ball pythons
  4 frilled lizards
  5 hobgoblin zombies (Ossuary)
  7 kobolds
  8 kobold zombies (Ossuary)
  3 orc zombies (Ossuary)
  10 rats
175 creatures vanquished.

Vanquished Creatures (collateral kills)
  A two-headed ogre (D:8)
  Psyche (D:8)
  A centaur zombie (D:8)
3 creatures vanquished.

Vanquished Creatures (others)
  An adder (D:7)
1 creature vanquished.

Grand Total: 179 creatures vanquished

Notes
Turn   | Place    | Note
-------+----------+-------------------------------------------
     0 | D:1      | prawnwizard the Troll Berserker began the quest for the Orb.
     0 | D:1      | Reached XP level 1. HP: 22/22 MP: 0/0
   128 | D:1      | Reached XP level 2. HP: 28/29 MP: 1/1
   257 | D:1      | Reached skill level 3 in Maces & Flails
   688 | D:1      | Reached XP level 3. HP: 36/36 MP: 2/2
  1025 | D:2      | Reached ** piety under Trog
  1366 | D:2      | Reached XP level 4. HP: 33/44 MP: 3/3
  2183 | D:3      | Reached skill level 4 in Maces & Flails
  2195 | D:3      | Found a hazy altar of Hepliaklqana.
  2198 | D:3      | Found an opulent altar of Gozag.
  2199 | D:3      | Found a sacrificial altar of Ru.
  2422 | D:3      | Found a runed door.
  2489 | D:3      | Noticed Crazy Yiuf
  2494 | D:3      | Killed Crazy Yiuf
  2855 | D:3      | Found a shattered altar of Ashenzari.
  2878 | D:3      | Reached XP level 5. HP: 53/53 MP: 4/4
  3083 | D:3      | Found a hide-covered altar of Uskayaw.
  3093 | D:3      | Found a white marble altar of Elyvilon.
  3576 | D:4      | Noticed dedward's ghost (amateur MiBe)
  3595 | D:4      | Killed dedward's ghost
  3595 | D:4      | Reached skill level 5 in Maces & Flails
  3595 | D:4      | Reached XP level 6. HP: 58/61 MP: 5/5
  4106 | D:4      | Noticed Natasha
  4155 | D:4      | Killed Natasha
  4155 | D:4      | Reached skill level 6 in Maces & Flails
  4155 | D:4      | Reached XP level 7. HP: 38/68 MP: 6/6
  4593 | D:4      | Noticed Natasha
  4597 | D:4      | Killed Natasha
  4938 | D:4      | Noticed Natasha
  4943 | D:4      | Killed Natasha
  4943 | D:4      | Reached *** piety under Trog
  4994 | D:5      | Entered Level 5 of the Dungeon
  5011 | D:5      | Found a bloodstained altar of Trog.
  5318 | D:5      | Reached skill level 7 in Maces & Flails
  5540 | D:5      | Reached XP level 8. HP: 78/78 MP: 7/7
  5571 | D:5      | Noticed an angel
  5572 | D:5      | Found a glowing silver altar of Zin.
  5572 | D:5      | Found a shimmering altar of Xom.
  5578 | D:5      | Noticed Prince Ribbit
  5591 | D:5      | Killed Prince Ribbit
  5844 | D:5      | Found a staircase to the Ecumenical Temple.
  6045 | D:6      | Reached skill level 8 in Maces & Flails
  6090 | D:6      | Found a sand-covered staircase.
  6094 | Ossuary  | Entered an ossuary
  6160 | Ossuary  | Reached **** piety under Trog
  6754 | D:6      | Reached skill level 9 in Maces & Flails
  7042 | D:7      | Noticed Menkaure
  7047 | D:7      | Killed Menkaure
  7047 | D:7      | Reached XP level 9. HP: 20/85 MP: 8/8
  7221 | D:7      | Noticed Pikel
  7238 | D:7      | Killed Pikel
  7238 | D:7      | Reached skill level 10 in Maces & Flails
  7303 | D:7      | Reached skill level 5 in Fighting
  7389 | D:7      | Found a burning altar of Makhleb.
  7905 | D:8      | Reached skill level 5 in Dodging
  7973 | D:8      | Noticed a troll
  7987 | D:8      | Killed a troll
  8044 | D:8      | Noticed a two-headed ogre
  8054 | D:8      | Noticed Cidec's ghost (novice DsGl)
  8060 | D:8      | Killed a two-headed ogre
  8060 | D:8      | Reached skill level 11 in Maces & Flails
  8060 | D:8      | Reached XP level 10. HP: 89/96 MP: 9/9
  8076 | D:8      | Killed Cidec's ghost
  8311 | D:8      | Noticed Psyche
  8312 | D:8      | Noticed a two-headed ogre
  8327 | D:8      | Killed Psyche
  8331 | D:8      | Killed a two-headed ogre
  8331 | D:8      | Reached skill level 12 in Maces & Flails
  8460 | D:8      | Noticed Grum
  8477 | D:8      | HP: 4/147 [Grum/halberd of flaming (12)]
  8477 | D:8      | Slain by Grum

Skill      XL: |  1  2  3  4  5  6  7  8  9 10 |
---------------+-------------------------------+-----
Maces & Flails | 3 4 5 6 7 9 11 12 | 12.0
Fighting       | 3 4 5 6 |  6.0
Dodging        | 3 4 5 |  5.5

Action                   |  1- 3 |  4- 6 |  7- 9 | 10-12 || total
-------------------------+-------+-------+-------+-------++-------
Melee: Mace              |   109 |    64 |       |       ||   173
       Flail             |       |    84 |   305 |    69 ||   458
       Giant spiked club |       |    39 |       |       ||    39
Invok: Berserk           |     2 |     3 |     6 |     2 ||    13
       Trog's Hand       |       |     1 |       |     1 ||     2
       Brothers in Arms  |       |       |       |     1 ||     1
  Use: Scroll            |       |     5 |    11 |       ||    16
       Potion            |       |       |       |     2 ||     2
 Stab: Sleeping          |     1 |       |       |       ||     1
       Distracted        |       |       |       |     1 ||     1
  Eat: Chunk             |    20 |    27 |    43 |    10 ||   100
       Ration            |       |       |     1 |     1 ||     2
Armor: Animal skin       |    36 |    95 |   103 |    27 ||   261
Dodge: Dodged            |    52 |   119 |   175 |    56 ||   402
